 Dungeon Crawl Stone Soup version 0.17-a0-2231-gd80ca38 (webtiles) character file.

100 Ordine the Slasher (level 4, -7/33 HPs)
             Began as an Octopode Fighter on Oct 29, 2015.
             Mangled by Crazy Yiuf
             ... wielding a +2 quarterstaff of chaos
              (14 damage)
             ... on level 2 of the Dungeon.
             The game lasted 00:05:56 (2433 turns).

Ordine the Slasher (Octopode Fighter)               Turns: 2433, Time: 00:05:56

Health: -7/33      AC:  1    Str: 15    XL:     4   Next: 74%
Magic:  4/4        EV: 10    Int:  7    God:
Gold:   142        SH:  9    Dex: 12    Spells: 0 memorised, 3 levels left

rFire  . . .     SeeInvis .     a - +0 long sword
rCold  . . .     Clarity  .     b - +1 shield
rNeg   . . .     SustAt   .     (helmet restricted)
rPois  .         Gourm    .     (no amulet)
rElec  .         Spirit   .     e - -6 ring of intelligence (curse)
rCorr  .         Warding  .     g - +3 ring of intelligence
rMut   .         Stasis   .     (no ring)
MR     .....                    (no ring)
Stlth  ++........               (no ring)
                                (no ring)
                                (no ring)
                                (no ring)

@: very slightly contaminated, drained, not resistant to hostile enchantments,
unstealthy
A: almost no armour, amphibious, 8 rings, constrict 8, camouflage 1, gelatinous
body 1
a: no special abilities


You were on level 2 of the Dungeon.
You were not hungry.

You visited 1 branch of the dungeon, and saw 2 of its levels.

You collected 142 gold pieces.

Inventory:

Hand Weapons
 a - a +0 long sword (weapon)
Armour
 b - a +1 shield (worn)
Jewellery
 e - a cursed -6 ring of intelligence (left tentacle)
 g - a +3 ring of intelligence (right tentacle)
Potions
 c - a potion of might
 f - 2 potions of curing
 h - a potion of haste
 i - a potion of cancellation
Comestibles
 d - 3 bread rations


   Skills:
 + Level 3.7(3.4) Fighting
 * Level 4.2(3.8) Long Blades
 - Level 3.0(2.6) Dodging
 - Level 3.0(2.6) Shields


You had 3 spell levels left.
You didn't know any spells.

Dungeon Overview and Level Annotations

Branches:
Dungeon (2/15)

Altars:
Cheibriados

Annotations:
D:2 Crazy Yiuf


Innate Abilities, Weirdness & Mutations

You cannot wear most types of armour.
You are amphibious.
You can wear up to eight rings at the same time.
You can use your tentacles to constrict eight enemies at once.
Your skin changes colour to match your surroundings (Stealth).
Your rubbery body absorbs attacks (AC +1).


Message History

Crazy Yiuf burns you.
Your shield prevents you from hitting Crazy Yiuf.
You grab Crazy Yiuf.
You constrict Crazy Yiuf, but do no damage.
Crazy Yiuf hits you with a quarterstaff of chaos!
Drink which item? (? for menu, Esc to quit)
You feel better.
You constrict Crazy Yiuf, but do no damage.
You slash Crazy Yiuf!
Crazy Yiuf is moderately wounded.
You constrict Crazy Yiuf.
Crazy Yiuf hits you with a quarterstaff of chaos!
You feel drained.
* * * LOW HITPOINT WARNING * * *
Crazy Yiuf barely misses you.
You slash Crazy Yiuf!
Crazy Yiuf is almost dead.
You constrict Crazy Yiuf.
Crazy Yiuf hits you with a quarterstaff of chaos!
You die...

#...##
###
#######
##.##
#.##
##.#
#.##
##.#
##.##
#...#
#.@.#
#.g)#
#####


You could see Crazy Yiuf.

Vanquished Creatures
  5 adders (D:2)
  A worm (D:2)
  2 giant geckos
  10 bats
  A giant cockroach (D:1)
  7 hobgoblins
  3 ball pythons
  2 giant newts
  8 goblins
  2 kobolds (D:2)
  17 rats
58 creatures vanquished.

Notes
Turn   | Place    | Note
--------------------------------------------------------------
     0 | D:1      | Ordine the Octopode Fighter began the quest for the Orb.
     0 | D:1      | Reached XP level 1. HP: 16/16 MP: 1/1
   475 | D:1      | Reached XP level 2. HP: 18/21 MP: 2/2
  1227 | D:1      | Reached XP level 3. HP: 22/26 MP: 3/3
  1770 | D:2      | Reached XP level 4. HP: 32/32 MP: 4/4
  2100 | D:2      | Found a snail-covered altar of Cheibriados.
  2159 | D:2      | Reached skill level 4 in Long Blades
  2424 | D:2      | Noticed Crazy Yiuf
  2433 | D:2      | Mangled by Crazy Yiuf

Vault maps used:
D:1:      roderic_octagonal_star, serial_bayou_pond_e
D:2:      mumra_celtic_spiral_tile, cheibriados_altar_1, first_bread,
          minmay_rat_gold_closets, uniq_crazy_yiuf_cottage

Action                   |  1- 3 |  4- 6 || total
-------------------------+-------+-------++-------
Melee: Long sword        |    67 |    34 ||   101
  Use: Scroll            |     5 |     3 ||     8
       Potion            |       |     1 ||     1
 Stab: Sleeping          |     4 |     9 ||    13
  Eat: Chunk             |     2 |     3 ||     5
